 Dungeon Crawl Stone Soup version 0.26-a0-778-g3fe0686644 (webtiles) character file.

Game seed: 10311052916804389951

47 strifetoe the Chopper (level 3, -1/31 HPs)
             Began as a Hill Orc Monk on Nov 11, 2020.
             Slain by an adder (2 damage)
             ... on level 3 of the Dungeon.
             The game lasted 00:01:08 (944 turns).

strifetoe the Chopper (Hill Orc Monk)                Turns: 944, Time: 00:01:09

Health: -1/31      AC:  3    Str: 13 (14) XL:     3   Next: 70%
Magic:  3/3        EV: 12    Int:  8 (10) God:
Gold:   33         SH:  0    Dex: 10 (13) Spells: 2/2 levels left

rFire    . . .     SeeInvis .   a - +0 hand axe
rCold    . . .     Faith    .   (no shield)
rNeg     . . .     Spirit   .   f - +0 leather armour
rPois    .         Reflect  .   (no helmet)
rElec    .         Harm     .   g - scarf {+Inv}
rCorr    .         Rampage  .   (no gloves)
MR       .....                  (no boots)
Stlth    +.........             (no amulet)
HPRegen  0.10/turn              (no ring)
MPRegen  0.08/turn              (no ring)

@: lethally poisoned (-1 -> -3)
A: no striking features
a: Evoke Invisibility


You were on level 3 of the Dungeon.
You visited 1 branch of the dungeon, and saw 3 of its levels.

You collected 33 gold pieces.

Inventory:

Hand Weapons
 a - a +0 hand axe (weapon)
Armour
 b - a +0 robe
 f - a +0 leather armour (worn)
 g - a scarf of invisibility (worn)
Scrolls
 d - a scroll of enchant weapon {unknown}


   Skills:
 - Level 3.6 Fighting
 + Level 6.1 Axes
 - Level 2.4 Dodging
 - Level 1.5 Stealth


You had 2 spell levels left.
You didn't know any spells.
Your spell library was empty.

Dungeon Overview and Level Annotations

Branches:
Dungeon (3/15)

Altars:
Zin


Message History

You hit the adder but do no damage.
The adder is moderately wounded.
* * * LOW HITPOINT WARNING * * *
You feel sick. The adder misses you. The adder closely misses you.
You barely miss the adder.
The adder is moderately wounded.
The adder closely misses you.
Unknown command.
You barely miss the adder.
The adder is moderately wounded.
The adder bites you.
* * * LOW HITPOINT WARNING * * *
You miss the adder.
The adder is moderately wounded.
* * * LOW HITPOINT WARNING * * *
You feel sick. The adder closely misses you.
You closely miss the adder.
The adder is lightly wounded.
The adder bites you but does no damage. The adder bites you.
You die...

### ### #############.## ..
#...)........#@# .#
#.###########S######.#### #.#
#..g.≈g≈g...≈≈#.. #.#
#.≈..≈.≈....≈≈... #.#
#..≈≈≈≈≈†≈≈≈..... #.#
#..≈≈≈≈≈≈≈≈≈.....
##.#########.≈≈≈≈≈≈≈≈≈≈≈≈#..
#........(....≈≈≈≈♣.≈≈≈.....
##..#########.≈≈≈≈≈_.≈≈≈..#..


You could see an adder and a hobgoblin.

Vanquished Creatures
  4 adders (D:3)
  An orc (D:3)
  A goblin (D:3)
  2 hobgoblins (D:3)
  2 bats
  A frilled lizard (D:1)
  2 kobolds (D:1)
13 creatures vanquished.

Notes
Turn   | Place    | Note
-------+----------+-------------------------------------------
     0 | D:1      | strifetoe the Hill Orc Monk began the quest for the Orb.
     0 | D:1      | Reached XP level 1. HP: 19/19 MP: 1/1
   225 | D:3      | Found a glowing silver altar of Zin.
   245 | D:3      | Reached skill level 5 in Axes
   245 | D:3      | Reached XP level 2. HP: 14/26 MP: 2/2
   495 | D:3      | Reached XP level 3. HP: 16/31 MP: 3/3
   905 | D:3      | Found a faded altar of an unknown god.
   934 | D:3      | Reached skill level 6 in Axes
   943 | D:3      | HP: 1/31 [poisoned by an adder]
   944 | D:3      | Slain by an adder

Illustrated notes

Levels and vault maps discovered:
D:1:      minmay_arrival_arboretum_small, layout_basic
D:2:      layout_rooms, uniq_terence, uniq_robin
D:3:      mumra_celtic_spiral_tile, layout_loops_ring, zin_academy,
          chequers_ecumenical_altar_island

Skill      XL: |  1  2  3 |
---------------+----------+-----
Axes           | 5 6 |  6.1
Fighting       | |  3.6
Dodging        | |  2.4
Stealth        | |  1.5

Action                   || total
-------------------------++-------
Melee: Hand axe          ||    63
  Use: Potion            ||     4
Armor: Leather armour    ||     8
       Robe              ||     2
Dodge: Dodged            ||    55

Table legend: (Time is in decaauts)
 A = Elapsed time spent in this place.
 B = Non-inter-level travel time spent in this place.
 C = Inter-level travel time spent in this place.
 D = Time resting spent in this place.
 E = Time spent auto-exploring this place.
 F = Levels seen in this place.
 G = Mean time per level.
                   A        B        C        D        E       F      G
               +--------+--------+--------+--------+--------+-----+--------+
         Total |    949 |    949 |      0 |    527 |    239 |   3 |  316.3 |
       Dungeon |    949 |    949 |      0 |    527 |    239 |   3 |  316.3 |
               +--------+--------+--------+--------+--------+-----+--------+

Top non-repeatable levels by time:
     D:3: 777 daAuts
     D:1: 167 daAuts
     D:2: 5 daAuts
